[Event "Bijnor Open 2024"]
[Site "Bijnor"]
[Date "2024.03.19"]
[Round "5.2"]
[White "Neelash Saha"]
[Black "Vatsal Singla"]
[Result "1-0"]
[ECO "A11"]
[WhiteElo "2463"]
[BlackElo "1795"]
[Annotator "TA"]
[PlyCount "85"]
[EventDate "2024.03.17"]
[EventCountry "IND"]
[SourceTitle "playchess.com"]
[Source "ChessBase"]
[SourceQuality "1"]
[TimeControl "5400+30"]

1. Nf3 d5 2. e3 c6 3. c4 Nf6 4. Qc2 e6 5. b3 Nbd7 6. Bb2 Bd6 7. d4 Qc7 8. Nbd2 {[%emt 0:00:52] White is slightly better.} b6 9. Rc1 (9. g4 {is more complex.} Bb4 10. g5 Ne4 11. a3) 9... Bb7 10. a3 a5 11. Bd3 h6 12. O-O O-O 13. Qb1 c5 14. cxd5 exd5 15. Rfd1 Rac8 16. Nf1 Ne4 ({Black should play} 16... Bc6 $14) 17. dxc5 $16 bxc5 18. Bxe4 dxe4 19. N3d2 {[%emt 0:00:02] White is more active.} Nb6 20. Nxe4 Be7 (20... Rfd8 $16) 21. Neg3 (21. Nxc5 $18 {[%cal Oc5e6] Black must now prevent Ne6!} Ba8 (21... Bxc5 $2 {too greedy.} 22. b4 $18) 22. b4) 21... g6 (21... Rfe8 $142) 22. Qc2 Qc6 {[%emt 0:05:08][%csl Gb7][%cal Rc6g2] [#]} 23. f3 $40 {[%emt 0:04:06][%mdl 128] White goes for the king.} Qe6 24. Ne2 Bf6 25. Nf4 Qe7 26. Bxf6 Qxf6 27. Qc3 ({Better is} 27. Qd3 $18) 27... Qxc3 28. Rxc3 {[%emt 0:00:05] Rd6 would now be deadly.} Rc7 (28... c4 $16 {was necessary.} 29. e4 Ba8 30. bxc4 Rxc4) 29. e4 $18 a4 30. Ne3 Kg7 $2 (30... axb3 31. Rxb3 Na4) 31. Rd6 Nc8 {[%emt 0:00:44] [#]} 32. Rxg6+ Kh7 (32... fxg6 33. Ne6+) 33. Rf6 {[%emt 0:00:07] White is clearly winning.} axb3 34. Rxb3 Rd8 (34... c4 $142 35. Rc3 Kg8 36. Rxc4 Rxc4 37. Nxc4 Rd8) 35. Nf5 c4 36. Rxh6+ Kg8 37. Rc3 {[%emt 0:00:12] Hoping for Nh5.} Rd1+ 38. Kf2 {[%emt 0:00:06] aiming for Nh5.} Rb1 39. Nh5 {[%emt 0:00:13] Threatening mate with Nf6+.} Rb2+ 40. Kg3 {[%emt 0:00:07] White wants to mate with Nf6+.} Rb6 41. Nf6+ Rxf6 42. Rxf6 Na7 43. Ne3 {[%emt 0:00:27] Weighted Error Value: White=0.22 (precise) /Black=0.37.  Mistake:       	White=2     	Black=6      Inaccurate:     	White=1     	Black=4      OK:         	White=15    	Black=6      Best:        	---       	Black=1      Brilliant:      	White=1     	---} 1-0

[Event "Bijnor Open 2024"]
[Site "Bijnor"]
[Date "2024.03.19"]
[Round "5.2"]
[White "Balkishan, A.."]
[Black "Vatsal Singla"]
[Result "*"]
[ECO "D17"]
[WhiteElo "2108"]
[BlackElo "1795"]
[Annotator "RC"]
[PlyCount "27"]
[EventDate "2024.03.17"]
[EventCountry "IND"]
[SourceTitle "playchess.com"]
[Source "ChessBase"]
[SourceQuality "1"]
[TimeControl "5400+30"]

1. d4 d5 2. c4 c6 3. Nc3 Nf6 4. Nf3 dxc4 5. a4 Bf5 6. Ne5 Nbd7 7. Nxc4 Qc7 8. g3 e5 9. dxe5 Nxe5 10. Bf4 Nfd7 11. Nxe5 Nxe5 12. Bg2 Rd8 13. Qb3 Bd6 14. O-O *

[Event "Bijnor Open 2024"]
[Site "Bijnor"]
[Date "2024.03.19"]
[Round "5.3"]
[White "Singh, Arvinder Preet"]
[Black "Laxman, R.R."]
[Result "1/2-1/2"]
[ECO "C67"]
[WhiteElo "2030"]
[BlackElo "2331"]
[Annotator "TA"]
[PlyCount "120"]
[EventDate "2024.03.17"]
[EventCountry "IND"]
[SourceTitle "playchess.com"]
[Source "ChessBase"]
[SourceQuality "1"]
[TimeControl "5400+30"]

1. e4 e5 2. Nf3 Nc6 3. Bb5 Nf6 4. O-O Nxe4 5. d4 Nd6 6. Bxc6 dxc6 7. dxe5 Nf5 8. Qxd8+ Kxd8 9. Nc3 a5 10. Bg5+ Ke8 11. Rad1 Be6 12. Nd4 Nxd4 13. Rxd4 Be7 14. Bxe7 Kxe7 15. Rfd1 Rhd8 16. g4 {[%emt 0:11:54] Verhindert Bf5.} b5 17. a3 {[%emt 0:02:00] [#]} b4 $1 18. Na4 {[%emt 0:10:22] [#]} (18. axb4 axb4 19. Rxd8 (19. Rxb4 $2 Rxd1+ 20. Nxd1 Ra1 $19) 19... Rxd8 20. Rxd8 Kxd8 $19) (18. Rxd8 Rxd8) 18... Bxg4 $1 19. Rxd8 Rxd8 20. Rxd8 Kxd8 $15 {[%emt 0:00:05][%mdl 4096] Endspiel. KB-KN} 21. Nc5 bxa3 22. bxa3 g5 ({Günstiger ist} 22... Ke7 $17 23. f4 h6) 23. Kf1 $11 Bf5 24. c3 Ke7 25. Ke2 f6 26. exf6+ Kxf6 27. Nb7 Ke5 {[%emt 0:00:39] Und ...a4 würde nun gewinnen.} 28. Nxa5 Kd5 29. Ke3 Kc5 30. Nb3+ Kc4 31. Nd4 Bd7 (31... Bc8 $11 {kam in Betracht.}) 32. Kd2 g4 {[%emt 0:00:29] Gegen Nf3 gerichtet. Die Stellung ist ausgeglichen.} 33. f4 gxf3 34. Nxf3 {[%emt 0:00:02] Schwarz muss nun Ne5+ beachten.} Kb3 35. Ne5 Be8 36. Nd3 Kxa3 37. Nc5 Bg6 38. h4 Kb2 39. Ne6 Kb3 40. Nxc7 Kc4 41. Na6 c5 42. Nb8 Be8 (42... Kd5 $5 43. Nd7 $8 Bf5 44. Nb6+ Ke4 $11) 43. Na6 Bd7 44. Nc7 Bf5 45. Ne8 Kd5 {[%emt 0:00:11] Lässt Nd6 nicht zu} 46. Ke3 Ke5 47. Nc7 Bd7 48. c4 Kd6 49. Nb5+ Bxb5 50. cxb5 {[%emt 0:00:01] KPP-KPP} Kc7 51. Kd3 Kb6 52. h5 (52. Kc4 h5 53. Kc3 Kxb5 54. Kb3 Kc6 55. Kc3 Kd5 56. Kd3 Ke5 57. Ke3 Kf5 58. Kf3 c4 59. Ke3 Kg4 60. Ke4 Kxh4 61. Kf4 c3 62. Ke3 Kg3 (62... c2 {ist ein Selbstmatt.} 63. Kd2 Kg5 64. Kxc2 h4 65. Kd2 h3 66. Ke3 h2 67. Kd4 h1=Q 68. Kc5 Qe4 69. Kb5 Kf5 70. Kb6 Qd5 71. Kc7 Ke6 72. Kb6 Kd6 73. Ka7 Kc6 74. Kb8 Qb3+ 75. Kc8 Qg8#) 63. Ke2 h4 (63... c2 {führt zum Matt.} 64. Kd2 h4 65. Kxc2 h3 66. Kd3 h2 67. Kd4 h1=Q 68. Kc5 Kf4 69. Kd6 Qe4 70. Kd7 Ke5 71. Kc7 Kd5 72. Kb6 Qh7 73. Ka5 Qb1 74. Ka4 Kc4 75. Ka5 Qb5#) 64. Kd3 h3 (64... c2 65. Kxc2 h3 66. Kd3 h2 67. Kd4 h1=Q 68. Kc5 Qe4 69. Kd6 Kf4 70. Kd7 Qc4 71. Ke7 Qc6 72. Kf7 Kf5 73. Kf8 Kf6 74. Kg8 Qg2+ 75. Kh8 Qg7#) 65. Kxc3 h2 66. Kd3 h1=Q (66... h1=R 67. Ke4 Rh5 68. Ke3 Rh4 69. Ke2 Kf4 70. Kd3 Kf3 71. Kd2 Rd4+ 72. Kc2 Ke2 73. Kc3 Rf4 74. Kb2 Kd2 75. Kb3 Rd4 76. Kb2 Rd3 77. Ka1 Kc1 78. Ka2 Rh3 79. Ka1 Ra3#) 67. Kd4 Qd1+ 68. Kc5 Kf4 69. Kc4 Ke5 70. Kc5 Qa4 71. Kb6 Kd6 72. Kb7 Qb5+ 73. Ka7 Kc7 74. Ka8 Qb8#) 52... Kxb5 {[%emt 0:00:02] ( -> ...Kb4). KPP-KP} 53. Kc3 h6 54. Kb3 Kc6 55. Kc4 Kd6 56. Kc3 Kd5 (56... Ke5 $5 57. Kc4 $8 Kd6 $11) 57. Kd3 $1 c4+ (57... Ke5 $5 58. Kc4 $8 Kd6 $11) 58. Kc3 Kc5 59. Kc2 Kd4 60. Kd2 $1 Ke5 {[%emt 0:01:05] Gewichteter Fehlerwert: Weiß=0.03 (makellos) /Schwarz=0.05 (makellos) .  Fehler:       	---       	Schwarz=2     Ungenau:       	Weiß=2     	Schwarz=1     OK:         	Weiß=26    	Schwarz=22    Bester:       	Weiß=3     	Schwarz=2     Stark:        	Weiß=2     	---} 1/2-1/2

[Event "Bijnor Open 2024"]
[Site "Bijnor"]
[Date "2024.03.19"]
[Round "5.4"]
[White "Shaurya Prabhakar"]
[Black "Sai Agni Jeevitesh, J."]
[Result "0-1"]
[ECO "C50"]
[WhiteElo "1731"]
[BlackElo "2285"]
[Annotator "RC"]
[PlyCount "82"]
[EventDate "2024.03.17"]
[EventCountry "IND"]
[SourceTitle "playchess.com"]
[Source "ChessBase"]
[SourceQuality "1"]
[TimeControl "5400+30"]

1. e4 e5 2. Nf3 Nc6 3. Bc4 Nf6 4. d3 Bc5 5. Nc3 h6 6. h3 a6 7. a3 d6 8. Be3 O-O 9. Qd2 Bxe3 10. fxe3 Ne7 11. g4 Nh7 12. Qg2 Ng6 13. h4 Be6 14. h5 Nh8 15. Bxe6 fxe6 16. O-O-O Ng5 17. Nh4 b5 18. Ne2 c5 19. d4 cxd4 20. exd4 Qb6 21. Rd3 b4 22. Rb3 a5 23. Rd1 Rac8 24. Kb1 Rc4 25. c3 Qc6 26. axb4 Qa4 27. Nc1 axb4 28. Rd3 bxc3 29. bxc3 exd4 30. cxd4 Rxd4 31. Ra3 Qb5+ 32. Rdb3 Qc6 33. Qb2 Qxe4+ 34. Ka2 Ra4 35. Rxa4 Qxa4+ 36. Ra3 Qc4+ 37. Ka1 Qxg4 38. Ra7 Ngf7 39. Qf2 Qxh5 40. Ne2 Rb8 41. Nd4 Qd1+ 0-1

[Event "Bijnor Open 2024"]
[Site "Bijnor"]
[Date "2024.03.19"]
[Round "5.5"]
[White "Sparsh Yadav"]
[Black "Mahindrakar Indrajeet"]
[Result "1/2-1/2"]
[ECO "B22"]
[WhiteElo "1775"]
[BlackElo "2136"]
[Annotator "RC"]
[PlyCount "168"]
[EventDate "2024.03.17"]
[EventCountry "IND"]
[SourceTitle "playchess.com"]
[Source "ChessBase"]
[SourceQuality "1"]
[TimeControl "5400+30"]

1. e4 c5 2. Nf3 Nc6 3. c3 Nf6 4. e5 Nd5 5. d4 cxd4 6. cxd4 d6 7. Bc4 dxe5 8. Nxe5 e6 9. O-O Be7 10. Nxc6 bxc6 11. Nc3 O-O 12. Bxd5 cxd5 13. Bf4 Ba6 14. Re1 Qd7 15. Rc1 Rfc8 16. a3 Rc4 17. Ne2 Rxc1 18. Qxc1 Rc8 19. Qd2 Bxe2 20. Rxe2 Qa4 21. h3 h6 22. Qd3 Rc4 23. Rd2 Qc6 24. Qg3 Kh7 25. Qd3+ g6 26. Kh2 a5 27. Qe3 Bf8 28. Be5 a4 29. Qf3 f5 30. Re2 Rc2 31. Qd3 Rxe2 32. Qxe2 Kg8 33. Qd2 Bd6 34. Qxh6 Bxe5+ 35. dxe5 Qe8 36. Qf4 Qd7 37. Qd4 Kg7 38. f4 Qc6 39. Qa7+ Kg8 40. Qe7 Qc4 41. Qxe6+ Kg7 42. Qf6+ Kh7 43. Qh4+ Kg7 44. e6 Qe4 45. Qe7+ Kh6 46. Qd6 d4 47. Qb8 Kg7 48. Qc7+ Kh6 49. e7 d3 50. Qe5 Qxe5 51. fxe5 d2 52. e8=Q d1=Q 53. Qf8+ Kh5 54. Qd6 Qe2 55. e6 Qe3 56. e7 f4 57. e8=Q Qxe8 58. Qxf4 g5 59. Qd6 Qe2 60. Qf6 Qd2 61. Qc3 Qd6+ 62. Qg3 Qe7 63. Qg4+ Kh6 64. Qg3 Qe2 65. Qd6+ Kh5 66. Qf6 Qd2 67. Qc3 Qf4+ 68. Kg1 Kh6 69. Qc6+ Kh7 70. Qc2+ Kh6 71. Qf2 Qc1+ 72. Kh2 Qc7+ 73. g3 Qe5 74. Qd2 Kg6 75. Qc2+ Kh6 76. Kg2 Qd5+ 77. Kh2 Qe5 78. Qf2 Kg6 79. Qd2 Kh7 80. Kg2 Qe4+ 81. Kf2 Qf5+ 82. Kg2 Qe4+ 83. Kh2 Qe5 84. Qc2+ Kh6 1/2-1/2

[Event "Bijnor Open 2024"]
[Site "Bijnor"]
[Date "2024.03.19"]
[Round "5.6"]
[White "Shubh Singh Saini"]
[Black "Dutta, Joydeep"]
[Result "0-1"]
[ECO "C44"]
[WhiteElo "1683"]
[BlackElo "2041"]
[Annotator "RC"]
[PlyCount "56"]
[EventDate "2024.03.17"]
[EventCountry "IND"]
[SourceTitle "playchess.com"]
[Source "ChessBase"]
[SourceQuality "1"]
[TimeControl "5400+30"]

1. e4 e5 2. Nf3 Nc6 3. d3 d5 4. Nbd2 f6 5. g3 Nge7 6. Bg2 Bg4 7. h3 Be6 8. a3 Qd7 9. b4 d4 10. Nb3 Nc8 11. Bd2 a6 12. Rb1 Nb6 13. Ng1 Na4 14. Ne2 Be7 15. f4 O-O-O 16. f5 Bf7 17. h4 Na7 18. Bh3 Nb5 19. Qc1 Kb8 20. Kf2 Rc8 21. g4 c5 22. Na5 c4 23. dxc4 Bxc4 24. Bf1 d3 25. Nxc4 Rxc4 26. Ng3 Rxc2 27. Qe1 Nb2 28. Ra1 Nc4 0-1

[Event "Bijnor Open 2024"]
[Site "Bijnor"]
[Date "2024.03.19"]
[Round "5.7"]
[White "Sameer Chaudhary"]
[Black "Ram Prakash, R."]
[Result "0-1"]
[ECO "A46"]
[WhiteElo "1632"]
[BlackElo "2191"]
[Annotator "RC"]
[PlyCount "56"]
[EventDate "2024.03.17"]
[EventCountry "IND"]
[SourceTitle "playchess.com"]
[Source "ChessBase"]
[SourceQuality "1"]
[TimeControl "5400+30"]

1. Nf3 Nf6 2. d4 b5 3. Bf4 Bb7 4. e3 a6 5. Nbd2 e6 6. c3 c5 7. Bd3 Be7 8. h3 d5 9. O-O Nbd7 10. a4 c4 11. Bc2 b4 12. cxb4 Bxb4 13. Qe2 a5 14. Nb1 Ne4 15. Bxe4 dxe4 16. Nfd2 Nb6 17. Rc1 O-O 18. Bg3 Ba6 19. Nc3 f5 20. Qd1 Rc8 21. b3 cxb3 22. Qxb3 Qd7 23. Nf1 Bc4 24. Qb2 Bxf1 25. Kxf1 Bxc3 26. Qxb6 Bxa1 27. Rxa1 Qd5 28. Be5 Rf7 0-1

[Event "Bijnor Open 2024"]
[Site "Bijnor"]
[Date "2024.03.19"]
[Round "5.8"]
[White "Shreyash Singh"]
[Black "Pranay Chordia"]
[Result "1-0"]
[ECO "A85"]
[WhiteElo "1807"]
[BlackElo "1796"]
[Annotator "NA RC"]
[PlyCount "47"]
[EventDate "2024.03.17"]
[EventCountry "IND"]
[SourceTitle "playchess.com"]
[Source "ChessBase"]
[SourceQuality "1"]
[TimeControl "5400+30"]

1. d4 e6 2. c4 f5 3. a3 Nf6 4. Nc3 d6 5. Nf3 Be7 6. Qc2 {[%emt 0:00:08] A85: Holländische Verteidigung.} O-O 7. e4 fxe4 8. Nxe4 Nxe4 9. Qxe4 d5 10. Qc2 Nc6 11. Be3 Bf6 12. Bd3 h6 13. O-O-O Bd7 14. Rhg1 dxc4 15. Bxc4 b5 16. d5 Na5 17. Ba2 Qc8 18. Bb1 Nc4 19. Qh7+ Kf7 20. dxe6+ Bxe6 21. Bd4 c5 22. Bxf6 Kxf6 23. Qg6+ Ke7 24. Rge1 $18 1-0

[Event "Bijnor Open 2024"]
[Site "Bijnor"]
[Date "2024.03.19"]
[Round "5.9"]
[White "Vrashank Chouhan"]
[Black "Chaudhary Sanjeev"]
[Result "1-0"]
[ECO "D07"]
[WhiteElo "2330"]
[BlackElo "1652"]
[Annotator "TA"]
[PlyCount "49"]
[EventDate "2024.03.17"]
[EventCountry "IND"]
[SourceTitle "playchess.com"]
[Source "ChessBase"]
[SourceQuality "1"]
[TimeControl "5400+30"]

1. d4 d5 2. Nf3 Nc6 3. c4 e6 4. Nc3 Nf6 5. e3 Be7 6. Be2 O-O 7. O-O Re8 8. b3 {[%emt 0:00:00] Weiß steht etwas besser.} a6 9. Bb2 Bd6 10. Rc1 Ne4 11. Nxe4 (11. cxd5 $6 Nxc3 12. Bxc3 exd5 $11) 11... dxe4 12. Ne5 Bd7 13. Nxd7 Qxd7 14. Qc2 f5 15. f3 exf3 16. Bxf3 Nd8 (16... Nb4 $16 17. Qb1 c5) 17. e4 c6 18. d5 (18. exf5 $18 {Schwarz muss nun Bh5 beachten.} exf5 19. c5) 18... Qc7 (18... exd5 $16 {ist wohl besser.} 19. cxd5 Qc7) 19. g3 {[%emt 0:00:00] [#] Und c5 würde nun gewinnen.} c5 $2 {[%emt 0:04:53] Danach kann Schwarz die Partie nicht mehr halten.} (19... Be5 $16) 20. exf5 exf5 21. Qxf5 Nf7 {[%emt 0:02:32] Schwarz ist schwach auf den weissen Feldern} 22. Bh5 $40 {[%emt 0:00:00][%mdl 128] Weiss greift entschieden an. Das Läuferpaar ist gut.} Rf8 {[%emt 0:02:42] [#]} (22... Nh6 23. Qh3 Re3) 23. Qe6 Bxg3 24. Bxf7+ (24. Rc2 $142 {[%cal Oc2g2] Droht Matt per Rg2!} Qd6 25. Rxf7 (25. Bxf7+ Kh8 $18) 25... Kh8 26. Rxg7 (26. hxg3 Qxe6 27. dxe6 h6 28. Rxf8+ Rxf8 29. e7 Rg8 30. Rf2 Rb8 31. Rf8+ Kh7 32. Rxb8 b5 33. e8=Q bxc4 34. Qh8#) (26. Bxg7+ Kg8 27. Bxf8 Qxe6 28. dxe6 Rxf8 29. hxg3 Rxf7 30. exf7+ Kf8) 26... Qxe6 27. dxe6 Rf4 28. Rxg3+ Rd4 29. e7 (29. Bxd4+ cxd4 30. e7 h6 31. Rf2 Kh7 32. Rf8 Rxf8 33. exf8=Q b6 34. Qg8#)) 24... Kh8 25. Bxg7+ {[%emt 0:00:00] Gewichteter Fehlerwert: Weiß=0.67/Schwarz=0.69.  Verlustzug:     	---       	Schwarz=1     Fehler:       	Weiß=1     	Schwarz=3     Ungenau:       	Weiß=1     	Schwarz=3     OK:         	Weiß=7     	Schwarz=2     Bester:       	---       	Schwarz=1} 1-0

[Event "Bijnor Open 2024"]
[Site "Bijnor"]
[Date "2024.03.19"]
[Round "5.10"]
[White "Vignesh B"]
[Black "Ravish Chaudhary"]
[Result "1-0"]
[ECO "B50"]
[WhiteElo "2209"]
[BlackElo "1633"]
[Annotator "RC"]
[PlyCount "57"]
[EventDate "2024.03.17"]
[EventCountry "IND"]
[SourceTitle "playchess.com"]
[Source "ChessBase"]
[SourceQuality "1"]
[TimeControl "5400+30"]

1. e4 c5 2. Nf3 d6 3. c3 Nf6 4. Be2 e5 5. O-O Be7 6. Re1 O-O 7. Bf1 Nc6 8. h3 Qc7 9. d4 cxd4 10. cxd4 exd4 11. Nxd4 Nxd4 12. Qxd4 Bd7 13. Nc3 Bc6 14. Bf4 Nd7 15. Rac1 Qb6 16. Qd2 Rfd8 17. Be3 Qb4 18. Nd5 Qxd2 19. Nxe7+ Kf8 20. Bxd2 Kxe7 21. Bb4 Nc5 22. e5 b6 23. exd6+ Kxd6 24. Bc4 Bd5 25. Bxd5 Kxd5 26. Bxc5 bxc5 27. Re7 Rf8 28. Rc7 Rac8 29. R1xc5+ 1-0

[Event "Bijnor Open 2024"]
[Site "Bijnor"]
[Date "2024.03.19"]
[Round "6.1"]
[White "Srihari L R"]
[Black "Neelash Saha"]
[Result "1/2-1/2"]
[ECO "E05"]
[WhiteElo "2490"]
[BlackElo "2463"]
[Annotator "TA"]
[PlyCount "49"]
[EventDate "2024.03.17"]
[EventCountry "IND"]
[SourceTitle "playchess.com"]
[Source "ChessBase"]
[SourceQuality "1"]
[TimeControl "5400+30"]

1. d4 Nf6 2. c4 e6 3. g3 d5 4. Bg2 Be7 5. Nf3 O-O 6. O-O dxc4 7. Qc2 b5 8. a4 b4 9. Nfd2 (9. Qxc4 Ba6 10. Qc2 Nbd7) 9... c6 10. Nxc4 (10. Qxc4 Ba6 11. Qc2 Qxd4 $15) 10... Qxd4 11. Rd1 Qc5 12. Be3 Qh5 13. Nbd2 Ng4 14. Nf3 Nxe3 15. Nxe3 a5 16. Nd4 Ba6 17. Rac1 Ra7 18. Bf3 (18. Bxc6 Rc7 19. Qd2 Nxc6 20. Rxc6 Rxc6 21. Nxc6 Bf6 $17) 18... Qe5 19. Ng4 ({Doch nicht} 19. Bxc6 Rc7 20. Qe4 Bd6 $11) 19... Qc7 20. Bxc6 Rc8 (20... h5 $14 21. Ne3 g6) 21. Qd2 {[%emt 0:02:24] Weiß steht aktiver.} ({Der einzige Zug:} 21. Qe4 $16 {[%cal Od4e6] Nxe6! wäre nun fies.} Bf8 22. Nb5 Bxb5 23. axb5 (23. Bxb5 Qxc1 24. Rxc1 Rxc1+ 25. Kg2 Rc8 $17) 23... Nxc6 24. Rxc6 (24. bxc6 a4 $11)) 21... Qb6 $11 {[%emt 0:01:27] Die Stellung ist ausgeglichen.} 22. Bb5 Rac7 23. Rxc7 Qxc7 24. Bxa6 Nxa6 25. Nb5 {[%emt 0:06:18] Gewichteter Fehlerwert: Weiß=0.10 (sehr präzise) /Schwarz=0.07 (makellos) .  Fehler:       	Weiß=1     	Schwarz=1     Ungenau:       	---       	Schwarz=1     OK:         	Weiß=11    	Schwarz=11    Bester:       	---       	Schwarz=1} 1/2-1/2

[Event "Bijnor Open 2024"]
[Site "Bijnor"]
[Date "2024.03.19"]
[Round "6.2"]
[White "Sai Agni Jeevitesh, J."]
[Black "Singh, Arvinder Preet"]
[Result "0-1"]
[ECO "A83"]
[WhiteElo "2285"]
[BlackElo "2030"]
[Annotator "TA"]
[PlyCount "110"]
[EventDate "2024.03.17"]
[EventCountry "IND"]
[SourceTitle "playchess.com"]
[Source "ChessBase"]
[SourceQuality "1"]
[TimeControl "5400+30"]

1. d4 f5 2. Nc3 Nf6 3. Bg5 e6 4. e4 fxe4 5. Nxe4 Be7 6. Bxf6 Bxf6 7. Nf3 O-O 8. c3 Nc6 9. Qc2 d5 10. Nxf6+ {[%emt 0:00:22] White is better.} gxf6 11. O-O-O Qe7 12. h4 Kh8 13. h5 e5 14. Nh4 e4 15. g3 f5 16. Ng2 Nd8 17. Nf4 (17. c4 $14) 17... c6 $11 18. Qd2 Ne6 19. Be2 Qg5 20. Rh4 Nxf4 21. Rxf4 Be6 22. Rh1 h6 23. Rfh4 Rf7 24. Qf4 Kh7 25. Kc2 Qxf4 (25... Rg7 {feels hotter.} 26. Qd6 Qe7 27. Qe5 Re8) 26. Rxf4 Kg7 27. Kd2 a5 28. Ke3 b5 29. Rg1 Kf6 30. g4 Rg8 31. Rg3 Rg5 32. f3 Rfg7 {[%emt 0:00:00] [#] White must now prevent ...Rxh5.} 33. fxe4 (33. Rh3 {simplifies} exf3 34. Bxf3 Re7 35. Rh1) 33... dxe4 {[%emt 0:00:00] aiming for ...Rxh5.} 34. b3 $2 {[%emt 0:03:26] Loses the game.} ({White should play} 34. Rh3 $15) 34... Rxh5 $19 35. c4 bxc4 36. bxc4 Rh2 {[%emt 0:00:00] ...h5 is the strong threat.} 37. Rg1 h5 38. gxf5 (38. d5 cxd5 39. cxd5) 38... Rxg1 39. fxe6+ Kxe6 40. Rxe4+ {[%emt 0:00:02][%mdl 4096] Endgame. KRR-KRB} Kd7 41. Re5 h4 {[%emt 0:00:26] Strongly threatening ...Rg3+.} 42. Kf4 Rf2+ 43. Ke3 Rf7 44. Rh5 Rg3+ 45. Kd2 Rf4 46. Rh7+ Kd8 47. Rh8+ Ke7 48. Rh7+ Kf6 49. d5 cxd5 50. cxd5 Ra4 {[%emt 0:00:39][%cal Oh4h3] Threatens to win with ...h3!} 51. Ke1 Rxa2 52. Kf2 {[%emt 0:00:44] Repels Rg2+} Rd3 53. Rxh4 Rdd2 {[%emt 0:00:21] Black mates.} 54. Re4 a4 55. Kf3 {[%emt 0:00:07] [#]} Rxe2 $1 {[%emt 0:00:10][%mdl 512] Weighted Error Value: White=0.72/Black=0.25 (precise) .  Loses game:     	White=1     	---        Mistake:       	White=2     	---        Inaccurate:     	White=3     	Black=4      OK:         	White=10    	Black=15     Best:        	White=1     	Black=2} 0-1

[Event "Bijnor Open 2024"]
[Site "Bijnor"]
[Date "2024.03.19"]
[Round "6.3"]
[White "Ram Prakash, R."]
[Black "Balkishan, A.."]
[Result "1-0"]
[ECO "A37"]
[WhiteElo "2191"]
[BlackElo "2108"]
[Annotator "RC"]
[PlyCount "83"]
[EventDate "2024.03.17"]
[EventCountry "IND"]
[SourceTitle "playchess.com"]
[Source "ChessBase"]
[SourceQuality "1"]
[TimeControl "5400+30"]

1. Nf3 c5 2. c4 Nc6 3. g3 e5 4. Nc3 g6 5. Bg2 Bg7 6. O-O Nge7 7. d3 O-O 8. Bg5 f6 9. Bd2 d6 10. a3 Be6 11. Rb1 a5 12. Ne1 d5 13. cxd5 Nxd5 14. Nc2 a4 15. Nxd5 Bxd5 16. Bxd5+ Qxd5 17. b3 axb3 18. Ne3 Qf7 19. Nc4 f5 20. e3 b2 21. Bc3 f4 22. Rxb2 f3 23. e4 Qd7 24. Kh1 b5 25. Rxb5 Nd4 26. Rb2 Qh3 27. Rg1 g5 28. Bxd4 cxd4 29. g4 Rf4 30. Rg3 Qh4 31. Rb7 Ra6 32. Qb3 Kh8 33. Rb8+ Bf8 34. Nxe5 Rh6 35. Rxf8+ Rxf8 36. Nxf3 Rxf3 37. Qb8+ Kg7 38. Rxf3 Rf6 39. Qe5 Kg8 40. Qxf6 h5 41. Qg6+ Kh8 42. Rf8# 1-0

[Event "Bijnor Open 2024"]
[Site "Bijnor"]
[Date "2024.03.19"]
[Round "6.4"]
[White "Dutta, Joydeep"]
[Black "Shreyash Singh"]
[Result "1-0"]
[ECO "E09"]
[WhiteElo "2041"]
[BlackElo "1807"]
[Annotator "RC"]
[PlyCount "63"]
[EventDate "2024.03.17"]
[EventCountry "IND"]
[SourceTitle "playchess.com"]
[Source "ChessBase"]
[SourceQuality "1"]
[TimeControl "5400+30"]

1. d4 Nf6 2. c4 e6 3. g3 d5 4. Nf3 Be7 5. Bg2 O-O 6. O-O c6 7. Nbd2 b6 8. b3 Nbd7 9. Bb2 Ba6 10. Qc2 Rc8 11. Rac1 c5 12. Qb1 Re8 13. Rfd1 Bd6 14. e4 dxe4 15. Nxe4 Nxe4 16. Qxe4 Nf6 17. Qh4 Qe7 18. d5 e5 19. Bh3 Rb8 20. Re1 Qc7 21. a4 Bb7 22. Re3 Re7 23. Rce1 Rbe8 24. Bf5 h6 25. R3e2 a6 26. Bc1 Nd7 27. Re4 Nf8 28. Rg4 Bc8 29. Rxg7+ Kxg7 30. Bxh6+ Kg8 31. Qf6 Ne6 32. Ng5 1-0

[Event "Bijnor Open 2024"]
[Site "Bijnor"]
[Date "2024.03.19"]
[Round "6.5"]
[White "Laxman, R.R."]
[Black "Chehal Nikhil"]
[Result "1-0"]
[ECO "D12"]
[WhiteElo "2331"]
[BlackElo "1749"]
[Annotator "TA"]
[PlyCount "137"]
[EventDate "2024.03.17"]
[EventCountry "IND"]
[SourceTitle "playchess.com"]
[Source "ChessBase"]
[SourceQuality "1"]
[TimeControl "5400+30"]

1. d4 d5 2. Nf3 Nf6 3. c4 c6 4. e3 Bf5 5. Nc3 e6 6. Nh4 Bg6 7. Nxg6 hxg6 8. Bd3 Nbd7 9. h3 dxc4 10. Bxc4 b5 {[%emt 0:00:04] Weiß hat minimalen Vorteil.} 11. Be2 a6 12. O-O Be7 13. Bd2 O-O 14. Bf3 Rc8 15. a4 Qb6 16. Ne4 Nxe4 17. Bxe4 Nf6 (17... c5 $11) 18. Bf3 $14 c5 19. axb5 Qxb5 20. Bc3 Nd5 21. Bxd5 exd5 22. dxc5 Rxc5 23. Ra5 Qc4 24. Ra4 Qb5 25. Ra5 Qc4 26. Rxc5 Bxc5 27. Qg4 Qxg4 28. hxg4 {[%emt 0:00:05][%mdl 4096] Endspiel. KRB-KRB} Rb8 29. Ra1 Rb6 30. Ra5 Bb4 31. Rxd5 Bxc3 32. bxc3 {[%emt 0:00:02] KR-KR} Rb1+ 33. Kh2 Rc1 34. Rc5 a5 35. Rxa5 $16 Rxc3 36. g5 f6 37. gxf6 (37. g3 $16) 37... gxf6 $14 38. Ra7 Rc5 39. Kg3 Rc4 40. f3 Rb4 41. e4 Rb5 42. Kf4 Rg5 43. g3 Rb5 44. Rd7 Ra5 45. Rd5 Ra6 {[%emt 0:00:43] [#]} (45... Ra3 $1 $14) 46. g4 $1 $16 {[%emt 0:00:09] Zielt auf g5 ab.} Ra3 47. g5 fxg5+ 48. Rxg5 ({Natürlich nicht} 48. Kxg5 $6 Kf7 $11) 48... Kf7 49. Rb5 Ke6 50. Rb6+ Kf7 51. Rd6 {[%emt 0:00:13] Weiß steht aktiver.} Rb3 52. Kg4 Rb1 53. e5 (53. Ra6 $16) 53... Rg1+ $1 $11 54. Kf4 g5+ 55. Kf5 Rg3 $1 56. Ke4 Rg1 57. Rf6+ Ke7 58. Ra6 {[%emt 0:00:59] Und jetzt Kf5 wäre schön.} (58. Kf5 $5) 58... Re1+ 59. Kf5 Re3 60. Ra7+ Kf8 $2 {[%emt 0:00:13][%mdl 8192] [#]} (60... Kd8 $11) 61. f4 $1 ({Schwächer ist} 61. Kxg5 Rxf3 62. e6 Ke8 $11) 61... gxf4 62. Kf6 $1 Ke8 63. e6 Rd3 64. Ra8+ Rd8 65. Rxd8+ Kxd8 66. Kf7 {[%emt 0:00:02] Weiß setzt Matt.} f3 67. e7+ Kc7 68. e8=Q ({Nicht} 68. e8=B Kd6 $11) 68... f2 69. Qe5+ {[%emt 0:00:04] Gewichteter Fehlerwert: Weiß=0.12 (sehr präzise) /Schwarz=0.22 (präzise) .  Verlustzug:     	---       	Schwarz=1     Fehler:       	Weiß=2     	Schwarz=3     Ungenau:       	Weiß=2     	Schwarz=4     OK:         	Weiß=20    	Schwarz=15    Bester:       	Weiß=1     	Schwarz=6     Stark:        	Weiß=2     	Schwarz=2} 1-0